 Dungeon Crawl Stone Soup version 0.27-a0-32-g443bf2d2ca (webtiles) character file.

Game seed: 13144346542634165923

37 Descartes the Sneak (level 3, 0/17 HPs)
             Began as a Felid Delver on Jan 4, 2021.
             Succumbed to an adder's poison
             ... on level 4 of the Dungeon.
             The game lasted 00:00:42 (160 turns).

Descartes the Sneak (Felid Delver)                   Turns: 160, Time: 00:00:42

Health: 0/17       AC:  1    Str:  9    XL:     3   Next: 23%
Magic:  4/4        EV: 18    Int: 11    God:
Gold:   27         SH:  0    Dex: 17    Spells: 2/2 levels left
                                        Lives:  0   Deaths: 0

rFire    . . .     SeeInvis +     - Unarmed
rCold    . . .     Faith    .   (shield unavailable)
rNeg     . . .     Spirit   .   (armour unavailable)
rPois    .         Reflect  .   (helmet unavailable)
rElec    .         Harm     .   (cloak unavailable)
rCorr    .         Rampage  .   (gloves unavailable)
Will     .....                  (boots unavailable)
Stlth    ++++......             (no amulet)
HPRegen  0.05/turn              (no ring)
MPRegen  0.09/turn              (no ring)

@: lethally poisoned (0 -> -3), quick
A: very small, no armour, no weapons or thrown items, stealth, claws 1, fangs 3,
see invisible, speed 1, shaggy fur 1, sharp paws
a: no special abilities


You were on level 4 of the Dungeon.
You visited 1 branch of the dungeon, and saw 2 of its levels.

You collected 27 gold pieces.

Inventory:

Wands
 e - a wand of digging (3)
Scrolls
 a - a scroll of fog
 b - a scroll of magic mapping
 c - a scroll of fear
 f - a scroll of identify {unknown}
Potions
 d - a potion of haste


   Skills:
 + Level 3.3 Fighting
 + Level 3.2 Dodging
 * Level 7.2 Stealth
 + Level 2.4 Unarmed Combat


You had 2 spell levels left.
You didn't know any spells.
Your spell library was empty.

Dungeon Overview and Level Annotations

Branches:
Dungeon (5/15)
 Temple: D:4-7

Altars:


Innate Abilities, Weirdness & Mutations

You cannot wear armour.
You are incapable of wielding weapons or throwing items.
Your paws allow you to move quietly. (Stealth)
You have sharp claws.
You have razor-sharp teeth.
You have supernaturally acute eyesight. (SInv)
You cover ground quickly.
You are covered in fur. (AC +1)
Your sharp claws are effective at attacking unaware monsters.


Message History

You feel sick. The adder barely misses you.
You scratch the worm but do no damage.
The worm is heavily wounded.
The adder misses you. The worm barely misses you.
You scratch the worm but do no damage. You claw the worm, but do no damage.
The worm is moderately wounded.
You feel sick. The adder bites you but does no damage. The worm bites you.
* * * LOW HITPOINT WARNING * * *
You are too injured to fight recklessly!
You are too injured to fight recklessly!
You are too injured to fight recklessly!
You are too injured to fight recklessly!
You are too injured to fight recklessly!
You are too injured to fight recklessly!
* * * LOW HITPOINT WARNING * * *
You feel sick.
* * * LOW HITPOINT WARNING * * *
You feel sick. The adder misses you.
You die...

..# ........ ..# ... ###...#..
..# #..# ......... . ..# #..#
#.#...... . ..# #..# #.##.#..###.
..# #..# #.##.##.#...
..##########..# #.##.##.#...
..).........<.##### #.##.##..$.>
....#### #..>..@.####.##.w..#...
...## ####...###.S..........#...
#.######.........####..#####.###.
.................# #..# #... .
.#######.........# #..# #####. .#
####...#### .... .# ##...# ##....
.# #....# #.#### .# #.#### #.#


You could see an adder.

Vanquished Creatures
  A jelly (D:4)
  A worm (D:4)
  2 giant cockroaches (D:4)
4 creatures vanquished.

Notes
Turn   | Place    | Note
-------+----------+-------------------------------------------
     0 | D:5      | Descartes the Felid Delver began the quest for the Orb.
     0 | D:5      | Reached XP level 1. HP: 10/10 MP: 2/2
     7 | D:5      | Noticed a scorpion
   100 | D:4      | Noticed a jelly
   103 | D:4      | Killed a jelly
   104 | D:4      | Reached skill level 7 in Stealth
   104 | D:4      | Reached XP level 2. HP: 14/14 MP: 3/3
   104 | D:4      | Reached XP level 3. HP: 17/17 MP: 4/4
   160 | D:4      | Succumbed to an adder's poison

Illustrated notes

Levels and vault maps discovered:
D:4:      layout_loops_ring, st_stairs_3
D:5:      layout_layer_cave, nemelex_xobeh_ov_fountains_minmay,
          skrybe_limestone_x, uniq_blork_the_orc

Skill      XL: |  1 |
---------------+----+-----
Dodging        | 3 |  3.2
Stealth        | 7 |  7.2
Fighting       | |  3.3
Unarmed Combat | |  2.4

Action                   || total
-------------------------++-------
Melee: Unarmed           ||    17
       Punch             ||     1
 Stab: Sleeping          ||     2
Armor: Skin              ||     2
Dodge: Dodged            ||    14

Table legend: (Time is in decaauts)
 A = Elapsed time spent in this place.
 B = Non-inter-level travel time spent in this place.
 C = Inter-level travel time spent in this place.
 D = Time resting spent in this place.
 E = Time spent auto-exploring this place.
 F = Levels seen in this place.
 G = Mean time per level.
                   A        B        C        D        E       F      G
               +--------+--------+--------+--------+--------+-----+--------+
         Total |    131 |    131 |      0 |      0 |     71 |   2 |   65.5 |
       Dungeon |    131 |    131 |      0 |      0 |     71 |   2 |   65.5 |
               +--------+--------+--------+--------+--------+-----+--------+

Top non-repeatable levels by time:
     D:4: 109 daAuts
     D:5: 22 daAuts
